 Dungeon Crawl Stone Soup version 0.26-a0-665-gefeb406 (webtiles) character file.

Game seed: 5856556184543481896

4146 Mopster the Blocker (level 10, -7/90 HPs)
             Began as a Minotaur Berserker on Oct 14, 2020.
             Was a High Priest of Trog.
             Mangled by a basilisk (14 damage)
             ... on level 9 of the Dungeon.
             The game lasted 00:35:46 (6835 turns).

Mopster the Blocker (Minotaur Berserker)            Turns: 6835, Time: 00:35:47

Health: -7/90      AC:  9    Str: 25    XL:     10   Next: 7%
Magic:  9/9        EV:  9    Int:  4    God:    Trog [*****.]
Gold:   514        SH: 18    Dex: 12    Spells: 9/9 levels left

rFire    . . .     SeeInvis .   a - +1 hand axe
rCold    + + .     Faith    .   l - +0 tower shield
rNeg     + . .     Spirit   .   f - +0 scale mail
rPois    +         Reflect  .   (helmet restricted)
rElec    .         Harm     .   (no cloak)
rCorr    .         Rampage  .   E - +2 pair of gloves
MR       .....                  t - +1 pair of boots {Stlth+}
Stlth    +.........             w - amulet of magic regeneration
HPRegen  0.25/turn              N - ring of Eternal Harmony {+Inv rC++ rN+ Dex+2}
MPRegen  0.36/turn              g - ring of poison resistance

@: about to teleport, corroded
A: retaliatory headbutt, horns 2
a: Berserk, Trog's Hand, Brothers in Arms, Renounce Religion, Evoke Invisibility


You were on level 9 of the Dungeon.
You worshipped Trog.
Trog was extremely pleased with you.
You visited 1 branch of the dungeon, and saw 9 of its levels.

You collected 514 gold pieces.

Inventory:

Hand Weapons
 a - a +1 hand axe (weapon)
 s - a +1 mace of venom
 v - a +2 flail of protection
 J - a +1 spear of flaming
 L - a +2 flail of venom
 M - a +5 vorpal spear
Armour
 f - a +0 scale mail (worn)
 l - a +0 tower shield (worn)
 t - a +1 pair of boots of stealth (worn)
 E - a +2 pair of gloves (worn)
 F - a cursed +0 plate armour
 O - a +1 helmet
Jewellery
 g - a ring of poison resistance (right hand)
 q - an uncursed ring of flight
 u - an uncursed ring of flight
 w - an amulet of magic regeneration (around neck)
 N - the ring of Eternal Harmony (left hand) {+Inv rC++ rN+ Dex+2}
   (You found it on level 8 of the Dungeon)

   [ring of positive energy]

   It affects your dexterity (+2).
   It greatly protects you from cold.
   It protects you from negative energy.
   It lets you turn invisible.
Wands
 p - a wand of iceblast (14)
 r - a wand of polymorph (16)
 x - a wand of paralysis (3)
 H - a wand of random effects (43)
Scrolls
 d - 9 scrolls of remove curse
 h - 2 scrolls of teleportation
 m - 4 scrolls of enchant weapon
 o - 2 scrolls of immolation {unknown}
 y - a scroll of fog {unknown}
 A - 4 scrolls of identify
 G - a scroll of blinking {unknown}
 K - a scroll of random uselessness {unknown}
 P - a scroll of enchant armour {unknown}
Potions
 b - a potion of cancellation {unknown}
 c - 2 potions of might {unknown}
 e - 2 potions of degeneration {unknown}
 i - 2 potions of stabbing {unknown}
 j - a potion of flight {unknown}
 k - a potion of heal wounds {unknown}
 n - a potion of mutation {unknown}
 z - 2 potions of curing
 B - a potion of resistance {unknown}
 C - 4 potions of brilliance {unknown}
 D - 2 potions of haste {unknown}
 I - 2 potions of lignification {unknown}


   Skills:
 * Level 8.5 Fighting
 + Level 9.0 Axes
 + Level 5.7 Armour
 + Level 4.4 Dodging
 + Level 0.8 Stealth
 * Level 11.1 Shields
 - Level 0.1 Evocations


You had 9 spell levels left.
You didn't know any spells.
Your spell library was empty.

Dungeon Overview and Level Annotations

Branches:
Dungeon (9/15)             Temple (0/1) D:7
   Lair: D:8-11         Orc: D:9-12

Altars:
Cheibriados
Fedhas
Gozag
Kikubaaqudgha
Okawaru
Trog


Innate Abilities, Weirdness & Mutations

You reflexively headbutt those who attack you in melee.
You have a pair of horns on your head.


Message History

The wyvern bites you. The basilisk gazes at you. You resist with some effort.
The acid dragon bites you.
The acid dragon claws you but does no damage.
The wyvern bites you!
* * * LOW HITPOINT WARNING * * *
The basilisk bites you. The acid dragon bites you.
The acid dragon completely misses you. The wyvern bites you!
* * * LOW HITPOINT WARNING * * *
The wyvern bites you but does no damage.
The basilisk gazes at you. You resist with some effort.
The acid dragon bites you.
* * * LOW HITPOINT WARNING * * *
The acid dragon claws you.
You turn to flesh and can move again.
As you read the scroll of teleportation, it crumbles to dust.
You feel strangely unstable. You block the wyvern's attack.
The basilisk bites you!
You die...

### ##########
##### # .. ### #
... #.### ....##
## ####...
......#######
###.##.†.###
#...........##
#.##..#####.
#....llD.###....##
##
#.#.###@........##
#. ########### ##


You could see a basilisk, a wyvern and an acid dragon.

Vanquished Creatures
  Pikel (D:8)
  Eustachio (D:6)
  Sigmund (D:6)
  Edmund (D:6)
  Duvessa (D:7)
  A water moccasin (D:6)
  An orc warrior (D:8)
  2 sky beasts
  An ice beast (D:5)
  A phantom (D:5)
  4 ogres
  4 centaurs
  2 lemures (D:8)
  4 bullfrogs
  2 gnoll sergeants
  Dowan (D:7)
  5 scorpions
  3 killer bees (D:8)
  A howler monkey (D:5)
  2 bullfrog zombies
  3 centaur skeletons
  An orc priest (D:4)
  A centaur zombie (D:7)
  A hound (D:6)
  5 orc wizards
  2 jellies
  A gnoll shaman (D:7)
  3 iguanas
  4 worker ants
  A killer bee zombie (D:7)
  A howler monkey zombie (D:5)
  A worker ant zombie (D:8)
  18 gnolls
  9 adders
  A shadow imp (D:8)
  2 white imps
  4 ufetubi
  2 oozes
  4 adder skeletons
  An adder zombie (D:7)
  3 dart slugs
  5 leopard geckos
  16 orcs
  A ball python (D:1)
  4 giant cockroaches
  3 goblins (D:2)
  7 hobgoblins
  17 jackals
  2 quokkas
  10 bats
  3 frilled lizards
  8 kobolds
  A quokka skeleton (D:4)
  A quokka zombie (D:8)
  7 rats
192 creatures vanquished.

Vanquished Creatures (others)
  3 fungi (D:3)
  2 plants (D:3)
5 creatures vanquished.

Grand Total: 197 creatures vanquished

Notes
Turn   | Place    | Note
-------+----------+-------------------------------------------
     0 | D:1      | Mopster the Minotaur Berserker began the quest for the Orb.
     0 | D:1      | Reached XP level 1. HP: 19/19 MP: 0/0
   185 | D:1      | Reached XP level 2. HP: 24/27 MP: 1/1
   896 | D:2      | Found a snail-covered altar of Cheibriados.
  1066 | D:2      | Reached XP level 3. HP: 31/34 MP: 2/2
  1159 | D:2      | Reached ** piety under Trog
  1719 | D:3      | Reached XP level 4. HP: 34/41 MP: 3/3
  1780 | D:3      | Found a blossoming altar of Fedhas.
  1876 | D:3      | Found an ancient bone altar of Kikubaaqudgha.
  1891 | D:3      | Reached skill level 5 in Axes
  2077 | D:4      | Reached XP level 5. HP: 47/47 MP: 4/4
  2205 | D:4      | Reached skill level 1 in Shields
  2211 | D:4      | Reached skill level 5 in Fighting
  2497 | D:4      | Found an opulent altar of Gozag.
  2816 | D:4      | Reached XP level 6. HP: 56/56 MP: 5/5
  2835 | D:4      | Reached *** piety under Trog
  2967 | D:5      | Entered Level 5 of the Dungeon
  3000 | D:5      | Reached skill level 2 in Shields
  3005 | D:5      | Reached XP level 7. HP: 34/62 MP: 6/6
  3029 | D:5      | Reached skill level 3 in Shields
  3784 | D:5      | Reached skill level 4 in Shields
  3878 | D:6      | Noticed Eustachio
  3903 | D:6      | Killed Eustachio
  3959 | D:6      | Reached skill level 5 in Shields
  3959 | D:6      | Reached XP level 8. HP: 62/71 MP: 7/7
  3976 | D:6      | Noticed Sigmund
  4063 | D:6      | Reached skill level 6 in Shields
  4106 | D:6      | Reached skill level 5 in Armour
  4124 | D:6      | Noticed Edmund
  4151 | D:6      | Killed Edmund
  4315 | D:6      | Killed Sigmund
  4315 | D:6      | Reached skill level 7 in Shields
  4397 | D:6      | Reached **** piety under Trog
  4721 | D:7      | Reached XP level 9. HP: 41/79 MP: 8/8
  4738 | D:7      | Reached skill level 8 in Shields
  4812 | D:7      | Noticed Duvessa
  4813 | D:7      | Noticed Dowan
  4825 | D:7      | Killed Duvessa
  4827 | D:7      | Killed Dowan
  4878 | D:7      | Reached skill level 9 in Shields
  5070 | D:7      | Found a staircase to the Ecumenical Temple.
  5284 | D:8      | Noticed Pikel
  5305 | D:8      | Killed Pikel
  5305 | D:8      | Reached skill level 10 in Shields
  5942 | D:8      | Reached ***** piety under Trog
  6049 | D:8      | Found an iron altar of Okawaru.
  6049 | D:8      | Found a bloodstained altar of Trog.
  6069 | D:8      | Reached skill level 11 in Shields
  6069 | D:8      | Reached XP level 10. HP: 54/90 MP: 9/9
  6077 | D:8      | Got a clouded brass ring
  6085 | D:8      | Identified the ring of Eternal Harmony {+Inv rC++ rN+
                  | Dex+2} (You found it on level 8 of the Dungeon)
  6835 | D:9      | Mangled by a basilisk

Illustrated notes

Levels and vault maps discovered:
D:1:      mrwooster_arrival_statue_2, layout_basic
D:2:      layout_loops_cross, kennysheep_slug_shrine
D:3:      layout_basic, lemuel_doored_altar, fedhas_altar_3, st_stairs_10,
          minmay_tree_intersection, guppyfry_early_lair_pool
D:4:      layout_gridville, kennysheep_mini, grunt_decor_arrowhead,
          grunt_ministairs_8
D:5:      layout_basic
D:6:      layout_gridville, uniq_sigmund, uniq_edmund, uniq_eustachio
D:7:      lemuel_upstairs_altar, layout_cave_pools,
          minmay_temple_entry_statues_pillars, hangedman_decor_diamond_cutter,
          uniq_duvessa
D:8:      layout_basic, grunt_temple_overflow_bloody_war, uniq_pikel
D:9:      layout_loops_ring, erik_lair_dragon

Skill      XL: |  1  2  3  4  5  6  7  8  9 |
---------------+----------------------------+-----
Fighting       | 4 5 6 7 8 |  8.5
Axes           | 4 5 6 7 9 |  9.0
Armour         | 3 4 5 |  5.7
Dodging        | 3 4 |  4.4
Shields        | 1 2 5 7 11 | 11.1
Stealth        | |  0.8
Evocations     | |  0.1

Action                   |  1- 3 |  4- 6 |  7- 9 | 10-12 || total
-------------------------+-------+-------+-------+-------++-------
Melee: Hand axe          |   103 |    85 |   399 |    31 ||   618
       Headbutt          |    11 |    18 |    72 |     7 ||   108
Invok: Berserk           |       |     2 |     8 |     1 ||    11
       Trog's Hand       |       |       |     4 |       ||     4
  Use: Scroll            |     3 |     1 |     1 |     1 ||     6
Armor: Animal skin       |     4 |       |       |       ||     4
       Scale mail        |    38 |    38 |   122 |    13 ||   211
Dodge: Dodged            |    68 |    29 |    80 |     7 ||   184
Block: Tower shield      |       |    37 |   371 |    30 ||   438

Table legend: (Time is in decaauts)
 A = Elapsed time spent in this place.
 B = Non-inter-level travel time spent in this place.
 C = Inter-level travel time spent in this place.
 D = Time resting spent in this place.
 E = Time spent auto-exploring this place.
 F = Levels seen in this place.
 G = Mean time per level.
                   A        B        C        D        E       F      G
               +--------+--------+--------+--------+--------+-----+--------+
         Total |   6944 |   3558 |   3386 |    202 |   1817 |   9 |  771.6 |
       Dungeon |   6944 |   3558 |   3386 |    202 |   1817 |   9 |  771.6 |
               +--------+--------+--------+--------+--------+-----+--------+

Top non-repeatable levels by time:
     D:8: 1042 daAuts
     D:4: 1025 daAuts
     D:5: 929 daAuts
     D:1: 894 daAuts
     D:6: 730 daAuts
     D:2: 702 daAuts
     D:9: 625 daAuts
     D:7: 621 daAuts
     D:3: 372 daAuts
